 Dungeon Crawl Stone Soup version 0.31-a0-506-g3d79149578 (console) character file.

Game seed: 10424529361604075362

58 Lexodia the Sneak (level 4, -1/24 HPs)
             Began as a Kobold Enchanter on Aug 9, 2023.
             Killed from afar by a dart slug (2 damage)
             ... with a slug dart
             ... on level 3 of the Dungeon.
             The game lasted 00:04:27 (2302 turns).

Lexodia the Sneak (Kobold Enchanter)                Turns: 2302, Time: 00:04:28

Health: -1/24      AC:  4    Str:  5    XL:     4   Next: 21%
Magic:  1/8        EV: 15    Int: 16    God:
Gold:   146        SH:  0    Dex: 17    Spells: 6/8 levels left

rFire   . . .        a - +1 dagger
rCold   . . .        (no shield)
rNeg    . . .        b - +0 robe
rPois   .            s - +0 helmet
rElec   .            (no cloak)
rCorr   .            (no gloves)
SInv    .            j - +0 pair of boots
Will    .....        (no amulet)
Stlth   ++++         (no ring)
HPRegen 0.24/turn    (no ring)
MPRegen 0.11/turn

%: no passive effects
@: no status effects
A: small, no large weapons, nightstalker 3
a: no special abilities


You were on level 3 of the Dungeon.
You visited 1 branch of the dungeon, and saw 3 of its levels.

You collected 146 gold pieces.

Inventory:

Hand Weapons
 a - a +1 dagger (weapon)
 h - a +1 whip of electrocution
Missiles
 k - 4 curare-tipped darts
 r - 21 stones
Armour
 b - a +0 robe (worn)
 j - a +0 pair of boots (worn)
 s - a +0 helmet (worn)
Jewellery
 n - a ring of see invisible
Scrolls
 g - a scroll of noise {unknown}
 l - 2 scrolls of identify {unknown}
 o - a scroll of teleportation {unknown}
 t - a scroll of enchant weapon {unknown}
Potions
 c - 2 potions of invisibility
 d - a potion of curing {unknown}
 e - 3 potions of attraction {unknown}
 f - a potion of brilliance {unknown}
 i - 3 potions of heal wounds {unknown}
 m - a potion of degeneration {unknown}
 p - a potion of berserk rage {unknown}
 q - a potion of mutation {unknown}


   Skills:
 * Level 3.2 Short Blades
 + Level 0.6 Throwing
 - Level 2.4 Dodging
 + Level 4.6 Stealth
 + Level 2.6 Spellcasting
 + Level 3.3 Hexes


You had 6 spell levels left.
You knew the following spells:

 Your Spells              Type           Power      Damage    Failure   Level
a - Ensorcelled Hibernat  Hex/Ice        14%        N/A       14%         2

Your spell library contained the following spells:

 Spells                   Type           Power      Damage    Failure   Level
 Confusing Touch          Hex            12%        N/A       14%         3
 Tukima's Dance           Hex            12%        N/A       14%         3
 Dazzling Flash           Conj/Hex       14%        N/A       28%         3


Dungeon Overview and Level Annotations

Branches:
Dungeon (3/15)

Altars:


Innate Abilities, Weirdness & Mutations

You are small and have problems with some larger weapons.
You are completely attuned to the shadows.


Message History

Unknown command.
The hobgoblin shouts!
You hit the hobgoblin but do no damage. The hobgoblin closely misses you.
The dart slug launches a dart at you. The slug dart hits you.
Damage: -4%(-1hp) hp: 96%(23hp)
The hobgoblin resists with significant effort.
The hobgoblin closely misses you.
You miscast Ensorcelled Hibernation.
You are very lightly contaminated with residual magic.
Nothing appears to happen.
The hobgoblin hits you with a +0 mace.
Huge Dmg: -25%(-6hp) hp: 71%(17hp)
The dart slug looks drowsy...
The hobgoblin zaps a wand.
You suddenly lose the ability to move!
The hobgoblin zaps a wand.
You shrug off the repeated paralysis!
The hobgoblin zaps a wand.
You shrug off the repeated paralysis!
The hobgoblin hits you with a +0 mace.
The dart slug bites you but does no damage.
The hobgoblin zaps a wand.
You shrug off the repeated paralysis!
The dart slug launches a dart at you. The slug dart hits you.
You can move again.
Damage: -8%(-2hp) hp: 63%(15hp)
Casting: Ensorcelled Hibernation (safe; 14% risk of failure)
Confirm with . or Enter, or press ? or * to list all spells.
Aiming: Ensorcelled Hibernation (safe; 14% risk of failure)
Press: ? - help, Shift-Dir - straight line, f - hobgoblin, p - dart slug
Aim: a hobgoblin, wielding a +0 mace, wearing a +0 ring mail, wearing a ring of see invisible and carrying a wand of paralysis (chance to affect: 58%)
The hobgoblin resists with significant effort.
The hobgoblin zaps a wand.
You shrug off the repeated paralysis!
You completely miss the hobgoblin. The dart slug launches a dart at you.
The slug dart misses you. The hobgoblin hits you with a +0 mace.
Your magical contamination has completely faded away.
Huge Dmg: -25%(-6hp) hp: 38%(9hp)
You barely miss the hobgoblin. The hobgoblin hits you with a +0 mace!
* * * LOW HITPOINT WARNING * * *
The dart slug launches a dart at you. The slug dart hits you.
You die...

......## .8.....#
.....⌠.## ........#
......### .......##
⌠...### .........#
..###. #.⌠........#
###... #.....8.....
#........##.....@g.⌠.
..........#...†..w...
.⌠........##..).....#
.....8.....#..⌠...###
#........⌠.##)..###
#..........†'.###
##........#####
##..⌠...### .##...###


You could see a dart slug and a hobgoblin.

Vanquished Creatures
  A gnoll (D:1)
  An adder (D:3)
  An adder zombie (D:2)
  3 orcs (D:3)
  A ball python (D:1)
  A bat zombie (D:2)
  5 endoplasms
  2 giant cockroaches
  3 hobgoblins (D:2)
  A quokka (D:1)
  A ball python zombie (D:2)
  3 bats
  2 frilled lizards
  A giant cockroach zombie (D:2)
  2 goblins (D:1)
  5 rats
33 creatures vanquished.

Notes
Turn   | Place    | Note
-------+----------+-------------------------------------------
     0 | D:1      | Lexodia the Kobold Enchanter began the quest for the Orb.
     0 | D:1      | Reached XP level 1. HP: 10/10 MP: 3/3
    22 | D:1      | Reached XP level 2. HP: 15/15 MP: 5/5
    29 | D:1      | Learned a level 2 spell: Ensorcelled Hibernation
   531 | D:1      | Reached XP level 3. HP: 19/19 MP: 6/6
  1208 | D:2      | Huge Dmg: 4 dmg
  2179 | D:3      | Reached XP level 4. HP: 24/24 MP: 7/7
  2295 | D:3      | Huge Dmg: 6 dmg
  2295 | D:3      | Paralysed by a hobgoblin for 5 turns
  2302 | D:3      | Huge Dmg: 6 dmg
  2302 | D:3      | HP: 1/24 [hobgoblin/+0 mace (8)]
  2302 | D:3      | Killed from afar by a dart slug

Illustrated notes

Levels and vault maps discovered:
D:1:      dpeg_arrival_court, layout_loops_cross, kennysheep_minor_cross,
          nicolae_grassy_gnolls
D:2:      layout_basic, serial_undead, serial_undead_b, serial_undead_c,
          serial_undead_f, serial_undead_f, nicolae_elevator_lobby_asterisk
D:3:      minmay_skewed_foursquare, layout_rooms,
          hellmonk_ecumenical_altar_heavens_door

Skill      XL: |  1  2  3 |
---------------+----------+-----
Short Blades   | 2 3 |  3.2
Throwing       | |  0.6
Dodging        | |  2.4
Stealth        | |  4.6
Spellcasting   | |  2.6
Hexes          | |  3.3

Action                     |  1- 3 |  4- 6 || total
---------------------------+-------+-------++-------
  Melee: Dagger            |    57 |     6 ||    63
   Cast: Ensorcelled Hiber |     5 |     8 ||    13
   Stab: Sleeping          |    23 |     2 ||    25
 Armour: Robe              |     8 |     1 ||     9
  Dodge: Dodged            |    22 |     6 ||    28

Table legend: (Time is in decaauts)
 A = Elapsed time spent in this place.
 B = Non-inter-level travel time spent in this place.
 C = Inter-level travel time spent in this place.
 D = Time resting spent in this place.
 E = Time spent auto-exploring this place.
 F = Levels seen in this place.
 G = Mean time per level.
                   A        B        C        D        E       F      G
               +--------+--------+--------+--------+--------+-----+--------+
         Total |   2301 |   2042 |    259 |     62 |   1720 |   3 |  767.0 |
       Dungeon |   2301 |   2042 |    259 |     62 |   1720 |   3 |  767.0 |
               +--------+--------+--------+--------+--------+-----+--------+

Top non-repeatable levels by time:
     D:1: 1073 daAuts
     D:2: 773 daAuts
     D:3: 454 daAuts
